 Dungeon Crawl Stone Soup version 0.29.1-2-gbd0b4ee654 (webtiles) character file.

Game seed: 10689815778017837947

14002 BlackCrag the Eclecticist (level 11, -3/56 HPs)
             Began as a Deep Elf Conjurer on Oct 24, 2022.
             Was an Elder of Vehumet.
             Slain by a fire elemental (10 damage)
             ... led by Azrael
             ... on level 13 of the Dungeon on Oct 26, 2022.
             The game lasted 01:47:42 (13661 turns).

BlackCrag the Eclecticist (Deep Elf Conjurer)      Turns: 13661, Time: 01:47:43

Health: -3/56      AC:  8    Str:  4    XL:     11   Next: 83%
Magic:  21/32      EV: 13    Int: 31    God:    Vehumet [****..]
Gold:   390        SH:  0    Dex: 13    Spells: 20/41 levels left

rFire   . . .      SeeInvis .   J - +7 whip "Pendulum" {freeze, rElec rC+ Int+3 Stlth-}
rCold   + . .      Faith    .   (no shield)
rNeg    . . .      Spirit   .   N - +2 robe {Archmagi}
rPois   .          Reflect  .   (no helmet)
rElec   +          Harm     .   z - scarf {+Inv}
rCorr   .          Rampage  .   (no gloves)
Will    ++...      Archmagi +   (no boots)
Stlth   ++........              (no amulet)
HPRegen 0.18/turn               L - ring of willpower
MPRegen 0.23/turn               u - +4 ring of protection

@: no status effects
A: no striking features
a: Renounce Religion, Evoke Invisibility


You were on level 13 of the Dungeon.
You worshipped Vehumet.
Vehumet was greatly pleased with you.
You visited 2 branches of the dungeon, and saw 14 of its levels.
You also visited: Bailey.

You collected 807 gold pieces.
You spent 417 gold pieces at shops.

Inventory:

Hand Weapons
 J - the +7 whip "Pendulum" (weapon) {freeze, rElec rC+ Int+3 Stlth-}
   (You found it on level 9 of the Dungeon)

   It freezes those it strikes, dealing additional cold damage.
   It can also slow down cold-blooded creatures.
   Int:       It affects your intelligence (+3).
   rC:        It protects you from cold.
   rElec:     It insulates you from electricity.
   Stlth:     It makes you less stealthy.
Armour
 s - the +1 ring mail of Dice, Bag, and Bottle {*Slow rC+++ rN+++ Str-2}
   (You found it on level 3 of the Dungeon)

   Str:       It affects your strength (-2).
   rC:        It renders you almost immune to cold.
   rN:        It renders you almost immune to negative energy.
   *Slow:     It may slow you when you take damage.
 z - a scarf of invisibility (worn)
 M - a +0 cloak
 N - a +2 robe of the Archmagi (worn)
Magical Staves
 a - a staff of poison
Jewellery
 c - an amulet of faith
 p - a ring of flight
 u - a +4 ring of protection (right hand)
 L - a ring of willpower (left hand)
Wands
 v - a wand of roots (3)
 B - a wand of flame (8)
 E - a wand of charming (12)
Scrolls
 g - 2 scrolls of fog
 j - a scroll of brand weapon
 k - 2 scrolls of poison
 m - 3 scrolls of enchant weapon
 o - 3 scrolls of fear
 q - a scroll of torment {unknown}
 D - a scroll of vulnerability {unknown}
 G - a scroll of acquirement
 H - 3 scrolls of summoning
 I - 2 scrolls of magic mapping
 K - a scroll of silence {unknown}
Potions
 b - a potion of invisibility {unknown}
 e - 3 potions of flight {unknown}
 f - 4 potions of haste
 h - 2 potions of curing
 i - 4 potions of magic
 l - 2 potions of degeneration {unknown}
 n - 2 potions of heal wounds
 r - a potion of cancellation {unknown}
 t - a potion of experience
 F - a potion of brilliance


   Skills:
 - Level 1.0 Fighting
 + Level 4.2 Dodging
 + Level 6.5 Stealth
 + Level 15.9 Spellcasting
 + Level 13.1 Conjurations
 + Level 7.9 Hexes
 + Level 3.9 Translocations
 + Level 1.1 Fire Magic
 + Level 0.1 Air Magic
 + Level 2.5 Evocations


You had 20 spell levels left.
You knew the following spells:

 Your Spells              Type           Power      Damage    Failure   Level
a - Magic Dart            Conj           100%       1d8       0%          1
b - Searing Ray           Conj           100%       2d8       0%          2
c - Dazzling Flash        Conj/Hex       100%       N/A       1%          3
d - Fulminant Prism       Conj/Hex       47%        3d21      1%          4
e - Iskenderun's Mystic   Conj/Tloc      86%        2d17      1%          4
f - Conjure Flame         Conj/Fire      80%        6-21      1%          3
g - Airstrike             Air            19%        2d(3-19)  4%          4

Your spell library contained the following spells:

 Spells                   Type           Power      Damage    Failure   Level
 Freeze                   Ice            100%       1d11      1%          1
 Portal Projectile        Hex/Tloc       100%       N/A       1%          3
 Leda's Liquefaction      Hex/Erth       32%        N/A       3%          4
 Call Canine Familiar     Summ           36%        N/A       5%          3
 Animate Dead             Necr           36%        N/A       19%         4
 Haunt                    Necr/Summ      18%        N/A       100%        7
 Infestation              Necr           18%        N/A       100%        8


Dungeon Overview and Level Annotations

Branches:
Dungeon (13/15)            Temple (1/1) D:7            Lair (0/5) D:11
    Orc (0/2) D:11         Bailey (visited)
 Vaults: D:13-14

Altars:
Ashenzari
Cheibriados
Dithmenos
Elyvilon
Fedhas
Gozag
Hepliaklqana
Kikubaaqudgha
Makhleb
Nemelex Xobeh
Okawaru
Qazlal
Ru
Sif Muna
Trog
Uskayaw
Vehumet
Wu Jian
Xom
Yredelemnul
Zin
The Shining One

Shops:
D:6 !   D:9 !(   D:10 [

Annotations:
D:3 exclusion: statue


Message History

There is a stone staircase leading up here.
Casting: Magic Dart (safe; 0% risk of failure)
Confirm with . or Enter, or press ? or * to list all spells.
You feel a surge of power!
You erupt in a blast of force!
The mystic blast hits the fire elemental!
The fire elemental is heavily damaged.
The fire elemental is knocked back by the mystic blast.
Casting: Iskenderun's Mystic Blast (safe; 1% risk of failure)
Confirm with . or Enter, or press ? or * to list all spells.
Aiming: Searing Ray (safe; 0% risk of failure)
Press: ? - help, Shift-Dir - straight line, f - fire elemental
Aim: a fire elemental (heavily damaged, 79% to hit)
You feel a surge of power!
The searing ray hits the fire elemental.
The fire elemental is heavily damaged. (Press . to maintain the ray.)
The fire elemental hits you. The fire elemental burns you!
The searing ray misses the fire elemental.
The fire elemental barely misses you. The fire elemental hits you.
The fire elemental burns you!
The searing ray hits the fire elemental!
The fire elemental is almost destroyed.
The fire elemental closely misses you.
The searing ray misses the fire elemental.
You finish channelling your searing ray.
The fire elemental hits you. The fire elemental burns you!
Casting: Searing Ray (safe; 0% risk of failure)
Confirm with . or Enter, or press ? or * to list all spells.
Aiming: Searing Ray (safe; 0% risk of failure)
Press: ? - help, Shift-Dir - straight line, f/p - fire elemental
Aim: a fire elemental (almost destroyed, 79% to hit)
You feel a surge of power!
The searing ray misses the fire elemental. (Press . to maintain the ray.)
The fire elemental hits you. The fire elemental burns you!
The searing ray misses the fire elemental.
The fire elemental hits you. The fire elemental burns you!
* * * LOW HITPOINT WARNING * * *
The fire elemental hits you. The fire elemental burns you!
You die...

#....######
#....#....#
#....#..#.#
#....#.##.#
##.........#
#....##.#### #....##.#
#.○#E##<# #.#
#..#.@..# ..#
#..#.#### ###
#..######## #
#..........
#############Q########
E*.....Q......#
#############.# ###


You could see a fire elemental.

Vanquished Creatures
  A hydra (D:12)
  4 two-headed ogres
  A cyclops (D:7)
  A manticore (D:12)
  A guardian serpent (shapeshifter) (D:12)
  4 trolls
  A hornet (D:9)
  A wraith (D:12)
  2 vampires
  A wyvern (D:8)
  16 yaks
  3 fire elementals (D:13)
  A steam dragon (D:8)
  Menkaure (D:5)
  Edmund (D:5)
  2 wargs (D:11)
  3 acid dragons
  2 water moccasins
  An ice beast (D:7)
  14 orc warriors
  3 black bears
  2 sky beasts
  2 centaurs
  An ogre (D:6)
  2 phantoms (D:7)
  2 kobold brigands
  A bullfrog (D:8)
  2 necrophages
  2 scorpions
  3 howler monkeys
  3 hounds
  2 gnoll boudas
  2 orc priests
  A jelly (D:7)
  Natasha (twice) (D:4)
  2 iguanas
  9 orc wizards
  A hound skeleton (D:6)
  15 gnolls
  4 adders
  A shadow imp (D:6)
  A white imp (D:6)
  4 ufetubi
  2 worms (D:3)
  3 dart slugs
  57 orcs
  4 ball pythons
  3 bats
  9 endoplasms
  3 giant cockroaches
  6 hobgoblins
  4 quokkas
  A frilled lizard (D:2)
  10 goblins
  14 kobolds
  5 rats
249 creatures vanquished.

Vanquished Creatures (collateral kills)
  Azrael (D:13)
  A hell hound (D:13)
2 creatures vanquished.

Vanquished Creatures (others)
  76 fulminant prisms
76 creatures vanquished.

Grand Total: 327 creatures vanquished

Notes
Turn   | Place    | Note
-------+----------+-------------------------------------------
     0 | D:1      | BlackCrag the Deep Elf Conjurer began the quest for the
                  | Orb.
     0 | D:1      | Reached XP level 1. HP: 10/10 MP: 6/6
   309 | D:1      | Found a faded altar of an unknown god.
   460 | D:1      | Reached XP level 2. HP: 14/15 MP: 2/8
   463 | D:1      | Learned a level 2 spell: Searing Ray
   730 | D:1      | Reached skill level 5 in Conjurations
  1674 | D:2      | Reached XP level 3. HP: 19/19 MP: 8/10
  1678 | D:2      | Learned a level 3 spell: Dazzling Flash
  1751 | D:2      | Found a hazy altar of Hepliaklqana.
  2285 | D:3      | Found a radiant altar of Vehumet.
  2285 | D:3      | Noticed a frost-covered statue
  2641 | D:3      | Identified the +1 ring mail of Dice, Bag, and Bottle {*Slow
                  | rC+++ rN+++ Str-2}
  2883 | D:3      | Found a stormy altar of Qazlal.
  2943 | D:3      | Reached XP level 4. HP: 24/24 MP: 7/11
  2948 | D:3      | Learned a level 4 spell: Fulminant Prism
  3028 | D:3      | Found an ornate altar of the Wu Jian Council.
  3330 | D:3      | Became a worshipper of Vehumet
  3376 | D:4      | Noticed a black bear
  3414 | D:4      | Killed a black bear
  3415 | D:4      | Reached skill level 4 in Spellcasting
  3415 | D:4      | Reached XP level 5. HP: 28/28 MP: 3/13
  3600 | D:4      | Found a shimmering blue altar of Sif Muna.
  3753 | D:4      | Found a broken altar of Ashenzari.
  3757 | D:4      | Saw a vision of the Swamp and the Snake Pit.
  3757 | D:4      | Noticed a guardian serpent
  3757 | D:4      | Noticed a black mamba
  3757 | D:4      | Noticed an anaconda
  3757 | D:4      | Noticed a black mamba
  3757 | D:4      | Noticed an eleionoma
  3757 | D:4      | Noticed a goliath frog
  3757 | D:4      | Noticed a vampire mosquito
  3757 | D:4      | Noticed a swamp drake
  3757 | D:4      | Noticed a goliath frog
  3757 | D:4      | Noticed a spriggan berserker
  3758 | D:4      | Noticed a shock serpent
  3758 | D:4      | Noticed a mana viper
  3759 | D:4      | Noticed a mana viper
  3759 | D:4      | Noticed a shock serpent
  3759 | D:4      | Noticed a naga warrior
  3760 | D:4      | Noticed a naga ritualist
  3842 | D:4      | Noticed Natasha
  3846 | D:4      | Reached skill level 5 in Spellcasting
  3847 | D:4      | Killed Natasha
  3848 | D:4      | Reached XP level 6. HP: 32/32 MP: 12/15
  3950 | D:4      | Noticed Natasha
  3957 | D:4      | Killed Natasha
  4191 | D:4      | Found a shadowy altar of Dithmenos.
  4458 | D:4      | Learned a level 4 spell: Iskenderun's Mystic Blast
  4459 | D:5      | Entered Level 5 of the Dungeon
  4581 | D:5      | Noticed Edmund
  4615 | D:4      | Reached * piety under Vehumet
  4615 | D:4      | Offered knowledge of Freeze by Vehumet.
  4737 | D:4      | Learned a level 1 spell: Freeze
  4772 | D:5      | Killed Edmund
  4773 | D:5      | Reached skill level 5 in Stealth
  4773 | D:5      | Reached skill level 6 in Spellcasting
  4773 | D:5      | Reached XP level 7. HP: 8/36 MP: 1/18
  5080 | D:5      | Noticed Menkaure
  5090 | D:5      | Killed Menkaure
  5091 | D:5      | Reached skill level 1 in Hexes
  5186 | D:5      | Reached skill level 7 in Spellcasting
  5441 | D:5      | Reached XP level 8. HP: 41/41 MP: 9/21
  5672 | D:5      | Found a bloodstained altar of Trog.
  6038 | D:6      | Found Ucurof's Distillery.
  6055 | D:6      | Reached skill level 8 in Spellcasting
  6248 | D:6      | Bought a potion of curing for 30 gold pieces
  6346 | D:6      | Found an opulent altar of Gozag.
  6718 | D:6      | Reached skill level 1 in Evocations
  6777 | D:6      | Found a glowing golden altar of the Shining One.
  7277 | D:6      | Found an iron altar of Okawaru.
  7320 | D:6      | Found a burning altar of Makhleb.
  7335 | D:6      | Reached skill level 9 in Spellcasting
  7870 | D:7      | Found a staircase to the Ecumenical Temple.
  7879 | Temple   | Entered the Ecumenical Temple
  8054 | D:7      | Noticed a cyclops
  8064 | D:7      | Killed a cyclops
  8065 | D:7      | Reached skill level 10 in Spellcasting
  8065 | D:7      | Reached XP level 9. HP: 34/46 MP: 10/25
  8379 | D:7      | Reached skill level 1 in Fighting
  8870 | D:8      | Reached skill level 5 in Hexes
  8968 | D:8      | Found a hide-covered altar of Uskayaw.
  9108 | D:8      | Found a sacrificial altar of Ru.
  9282 | D:8      | Offered knowledge of Static Discharge by Vehumet.
  9283 | D:8      | Reached skill level 1 in Translocations
  9379 | D:8      | Reached skill level 11 in Spellcasting
  9484 | D:9      | Noticed a troll
  9488 | D:9      | Killed a troll
  9489 | D:9      | Reached skill level 10 in Conjurations
  9510 | D:9      | Reached ** piety under Vehumet
  9539 | D:9      | Found a flagged portal.
  9605 | Bailey   | Entered a bailey
  9626 | Bailey   | Reached skill level 12 in Spellcasting
  9628 | Bailey   | Reached XP level 10. HP: 52/52 MP: 11/28
  9793 | Bailey   | Offered knowledge of Conjure Flame by Vehumet.
  9799 | Bailey   | Learned a level 3 spell: Conjure Flame
 10273 | D:9      | Reached *** piety under Vehumet
 10287 | D:9      | Identified the +7 whip "Pendulum" {freeze, rElec rC+ Int+3
                  | Stlth-}
 10562 | D:9      | Found Sotem's Distillery.
 10576 | D:9      | Found Owyuqim's Weapon Shop.
 10785 | D:10     | Entered Level 10 of the Dungeon
 10806 | D:10     | Reached skill level 13 in Spellcasting
 10819 | D:10     | Offered knowledge of Ignite Poison by Vehumet.
 11042 | D:10     | Reached skill level 14 in Spellcasting
 11195 | D:10     | Found Deomn's Armour Shop.
 11205 | D:10     | Bought a +0 robe of the Archmagi for 387 gold pieces
 11387 | D:11     | Reached **** piety under Vehumet
 11635 | D:11     | Found a staircase to the Orcish Mines.
 11655 | D:11     | Noticed a two-headed ogre
 11663 | D:11     | Killed a two-headed ogre
 11664 | D:11     | Reached XP level 11. HP: 56/56 MP: 16/31
 11906 | D:11     | Found a staircase to the Lair.
 12587 | D:12     | Identified the +6 sling of the Shallot {venom, rPois rF++
                  | Str-2 Int+4}
 12630 | D:12     | Noticed an eight-headed hydra
 12638 | D:12     | Killed an eight-headed hydra
 12684 | D:12     | Noticed a two-headed ogre
 12691 | D:12     | Killed a two-headed ogre
 12692 | D:12     | Reached skill level 15 in Spellcasting
 12955 | D:12     | Identified the +0 plate armour "Teewura" {Str+2 Dex+5
                  | Stlth-}
 13092 | D:12     | Noticed a two-headed ogre
 13099 | D:12     | Killed a two-headed ogre
 13099 | D:12     | Offered knowledge of Airstrike by Vehumet.
 13105 | D:12     | Learned a level 4 spell: Airstrike
 13144 | D:12     | Noticed a two-headed ogre
 13151 | D:12     | Killed a two-headed ogre
 13152 | D:12     | Reached skill level 1 in Fire Magic
 13343 | D:13     | Noticed Azrael
 13369 | D:13     | Killed Azrael
 13661 | D:13     | Slain by a fire elemental

Illustrated notes

Levels and vault maps discovered:
D:1:      psy_arrival_spokes, layout_basic,
          ebering_ecumenical_altar_sacrificial, minmay_tetromino_t4
D:2:      layout_basic, basic_altar
D:3:      layout_loops_ring, marbit_many_paths, vehumet_statue,
          nicolae_qazlal_general_emergency
D:4:      layout_basic, grunt_ashenzari_visionary
          [grunt_ashenzari_visionary_swamp, grunt_ashenzari_visionary_snake],
          grunt_dithmenos_smoke_and_mirrors, mainiacjoe_overflow_brackets,
          uniq_natasha
D:5:      layout_loops_ring, old_standard_altar, uniq_menkaure, uniq_edmund
D:6:      layout_loops_corners, tso_oasis_becter, old_standard_altar,
          makhleb_blood_cavern_becter, okawaru_trees_2, serial_rivers,
          chequers_serial_rivers_micro_b, chequers_serial_rivers_room_b,
          chequers_serial_rivers_room_b, chequers_serial_rivers_micro_a,
          chequers_serial_rivers_small_3, serial_shops,
          nicolae_inconvenience_store
D:7:      layout_loops_corners, minmay_temple_entry_purple_smoke
D:8:      layout_loops_cross, nicolae_uskayaw_murder_on_the_dancefloor,
          mainiacjoe_overflow_alcove_2, nicolae_concentric_dashed_squares_mild
D:9:      layout_loops_cross, serial_shops, nicolae_shop_hallway_stairs, shop,
          enter_bailey_3
D:10:     layout_rooms, serial_shops, shop
D:11:     layout_long_grid, erik_lair_orcish_takeover, hiddenorc1_lemuel,
          corexii_corridor_pit
D:12:     layout_basic
D:13:     layout_basic, david_vaults_5, uniq_azrael, uniq_josephine, uniq_snorg,
          uniq_lodul, uniq_frances
Temple:   nicolae_temple_ecumenical_triangle

Skill      XL: |  1  2  3  4  5  6  7  8  9 10 11 |
---------------+----------------------------------+-----
Conjurations   | 5 6 7 9 10 11 13 | 13.1
Stealth        | 4 5 6 |  6.5
Spellcasting   | 4 5 6 7 10 12 14 15 | 15.9
Hexes          | 3 4 5 7 |  7.9
Evocations     | 1 2 |  2.5
Fighting       | 1 |  1.0
Dodging        | 3 4 |  4.2
Translocations | 1 2 3 |  3.9
Fire Magic     | 1 |  1.1
Air Magic      | |  0.1

Action                   |  1- 3 |  4- 6 |  7- 9 | 10-12 || total
-------------------------+-------+-------+-------+-------++-------
 Cast: Magic Dart        |    73 |    35 |    82 |    39 ||   229
       Searing Ray       |     6 |    14 |    30 |    31 ||    81
       Fulminant Prism   |       |     7 |    26 |    43 ||    76
       Iskenderun's Myst |       |       |     9 |    17 ||    26
       Conjure Flame     |       |       |       |     2 ||     2
       Airstrike         |       |       |       |     1 ||     1
Evoke: Wand              |       |     3 |       |     5 ||     8
  Use: Scroll            |     1 |     4 |     7 |    13 ||    25
       Potion            |       |     2 |     1 |     8 ||    11
Armor: Robe              |     2 |     5 |    11 |    12 ||    30
Dodge: Dodged            |     4 |    22 |    26 |    24 ||    76
